 Dungeon Crawl Stone Soup version 0.27.1-1-g398f81649c (webtiles) character file.

Game seed: 6293465173784467252

3070 greenlake the Conjurer (level 9, -10/74 HPs)
             Began as a Pale Draconian Transmuter on Sept 14, 2021.
             Was a Follower of Vehumet.
             Killed from afar by Erolcha (18 damage)
             ... with a fireball
             ... on level 9 of the Dungeon.
             The game lasted 00:24:35 (10205 turns).

greenlake the Conjurer (Pale Draconian Transmuter) Turns: 10205, Time: 00:24:36

Health: -10/74     AC: 11    Str: 13    XL:     9   Next: 58%
Magic:  14/14      EV: 12    Int: 17    God:    Vehumet [*.....]
Gold:   355        SH:  0    Dex: 11    Spells: 9/15 levels left

rFire    . . .     SeeInvis .     - Unarmed
rCold    . . .     Faith    .   (no shield)
rNeg     . . .     Spirit   .   (armour unavailable)
rPois    .         Reflect  .   (helmet currently unavailable)
rElec    .         Harm     .   (no cloak)
rCorr    .         Rampage  .   (no gloves)
Will     .....                  (boots currently unavailable)
Stlth    +.........             (no amulet)
HPRegen  0.22/turn              l - +4 ring of protection
MPRegen  0.14/turn              (no ring)

@: short of breath, appendages, studying Crossbows
A: horns 2, talons 2, breathe steam, AC +7, unfitting armour, cold-blooded,
steam resistance
a: Breathe Steam, End Transformation, Renounce Religion


You were on level 9 of the Dungeon.
You worshipped Vehumet.
Vehumet was aware of your devotion.
You had temporarily grown beastly horns and talons.
You visited 1 branch of the dungeon, and saw 9 of its levels.

You collected 366 gold pieces.
You donated 11 gold pieces to Zin.

Inventory:

Missiles
 y - 4 javelins
Armour
 p - a +1 pair of boots (melded)
Jewellery
 e - a ring of positive energy
 l - a +4 ring of protection (left hand)
 o - a ring of positive energy
 x - a ring of fire
Wands
 n - a wand of paralysis (6)
 q - a wand of iceblast (19)
Scrolls
 a - 2 scrolls of amnesia {unknown}
 b - a scroll of fear {unknown}
 d - 3 scrolls of magic mapping {unknown}
 f - a scroll of immolation {unknown}
 g - 8 scrolls of identify {unknown}
 h - 3 scrolls of enchant armour {unknown}
 j - 2 scrolls of fog {unknown}
 r - a scroll of summoning {unknown}
 u - a scroll of vulnerability {unknown}
 w - a scroll of torment {unknown}
Potions
 c - a potion of cancellation {unknown}
 i - 2 potions of brilliance {unknown}
 k - a potion of curing
 m - a potion of ambrosia {unknown}
 s - a potion of flight {unknown}
 t - a potion of degeneration {unknown}
 v - a potion of attraction {unknown}


   Skills:
 - Level 5.2 Fighting
 - Level 1.7 Dodging
 - Level 5.2 Unarmed Combat
 + Level 3.5 Spellcasting
 + Level 7.7 Conjurations
 + Level 5.1 Translocations
 - Level 3.1 Transmutations
 - Level 6.1 Fire Magic


You had 9 spell levels left.
You knew the following spells:

 Your Spells              Type           Power      Damage    Failure   Level
a - Beastly Appendage     Tmut           26%        N/A       4%          1
b - Iskenderun's Mystic   Conj/Tloc      24%        2d7       12%         4
c - Foxfire               Conj/Fire      100%       2x1d9     1%          1

Your spell library contained the following spells:

 Spells                   Type           Power      Damage    Failure   Level
 Wereblood                Tmut           13%        N/A       7%          2
 Dazzling Flash           Conj/Hex       32%        N/A       10%         3
 Summon Small Mammal      Summ           12%        N/A       17%         1
 Spider Form              Tmut/Pois      4%         N/A       26%         3
 Call Canine Familiar     Summ           3%         N/A       45%         3
 Summon Guardian Golem    Hex/Summ       3%         N/A       45%         3
 Ice Form                 Ice/Tmut       8%         N/A       65%         4
 Summon Lightning Spire   Summ/Air       3%         N/A       86%         4
 Agony                    Necr           3%         N/A       99%         5
 Silence                  Hex/Air        1%         N/A       99%         5
 Haunt                    Necr/Summ      1%         N/A       100%        7
 Storm Form               Tmut/Air       4%         N/A       100%        7
 Maxwell's Capacitive Co  Air            1%         ∞         100%        8
 Fire Storm               Conj/Fire      13%        8d3       100%        9


Dungeon Overview and Level Annotations

Branches:
Dungeon (9/15)             Temple (0/1) D:6            Lair (0/6) D:9
    Orc: D:9-12

Altars:
Elyvilon
Kikubaaqudgha
Vehumet
Wu Jian
Yredelemnul
Zin
The Shining One

Shops:
D:2 *

Annotations:
D:9 Erolcha


Innate Abilities, Weirdness & Mutations

You have temporarily grown beastly horns and talons.
You can breathe blasts of scalding, opaque steam.
Your pale cyan-grey scales are hard. (AC +7)
You cannot fit into any form of body armour.
You are cold-blooded and may be slowed by cold attacks.
You are immune to the effects of steam.


Message History

The orc hits you but does no damage.
You barely miss the orc. The orc closely misses you.
Casting: Beastly Appendage (safe; 4% risk of failure)
Confirm with . or Enter, or press ? or * to list all spells.
You grow a pair of large bovine horns.
Your feet morph into talons.
Your +1 pair of boots melds into your body.
The orc barely misses you.
You hit the orc but do no damage. Your headbutt misses the orc.
You tail-slap the orc, but do no damage.
Erolcha screams, "Erolcha kill you!"
Erolcha gestures wildly while chanting.
Erolcha flickers and vanishes!
Deactivating autopickup; reactivate with Ctrl-A.
The orc closely misses you.
You barely miss the orc. You tail-slap the orc.
The orc is lightly wounded.
The orc closely misses you.
You hit the orc but do no damage.
The orc is lightly wounded.
You punch the orc!
You kill the orc!
Vehumet accepts your kill.
You feel your power returning.
You barely miss something. Your kick misses something. Something hits you!!
You hit something. Something hits you!!
Casting: Beastly Appendage (safe; 4% risk of failure)
Confirm with . or Enter, or press ? or * to list all spells.
Okay, then.
Casting: Beastly Appendage (safe; 4% risk of failure)
Press: ? - help, Q - select action, (/) - cycle Dir - look around, f - activate
Okay, then.
Press: ? - help, Shift-Dir - straight line You exhale a blast of scalding steam.
The ball of steam hits something!
Something hits you!
You hit something. Something hits you!
* * * LOW HITPOINT WARNING * * *
You hear some strange, mumbled words.
A fireball appears from out of thin air!
The fireball explodes!
The fireball engulfs you!!
You die...

..........#
..........#
P.P.#.....#
..P.#.....#
P.P.......##
P.P........#
P.P..>.....#######
..P........§§){..###
P.P........#####@..#
......<...>### ###..#
.#####.#.....# ...#
.#####.......### #?#
...............### ##
#
##...#..#O##........#.
###.#.(#....###......
........>..####.<...
##..................


There were no monsters in sight!

Vanquished Creatures
  Maggie (D:7)
  A troll (D:8)
  A yak (D:8)
  Eustachio (D:5)
  An acid dragon (D:6)
  2 water moccasins
  A necrophage (D:5)
  3 ogres
  3 centaurs
  A phantom (D:5)
  2 bullfrogs
  6 scorpions
  2 water moccasin zombies
  2 centaur zombies
  A hound (D:4)
  A jelly (D:5)
  2 bullfrog zombies (D:6)
  An orc priest (D:8)
  3 bullfrog skeletons (D:6)
  Terence (D:3)
  2 centaur skeletons (D:7)
  4 orc wizards
  A hound skeleton (D:5)
  2 howler monkey zombies
  3 gnolls
  8 adders
  A howler monkey skeleton (D:7)
  2 shadow imps (D:7)
  2 ufetubi
  3 adder skeletons
  A worm (D:3)
  A dart slug (D:1)
  9 orcs
  10 endoplasms
  5 giant cockroaches
  7 goblins
  6 hobgoblins
  4 jackals (D:1)
  9 kobolds
  7 quokkas
  4 ball pythons
  3 frilled lizards
  10 rats
140 creatures vanquished.

Vanquished Creatures (others)
  20 foxfires
20 creatures vanquished.

Grand Total: 160 creatures vanquished

Notes
Turn   | Place    | Note
-------+----------+-------------------------------------------
     0 | D:1      | greenlake the Draconian Transmuter began the quest for the
                  | Orb.
     0 | D:1      | Reached XP level 1. HP: 16/16 MP: 3/3
    73 | D:1      | Reached XP level 2. HP: 4/24 MP: 5/5
   880 | D:1      | Reached XP level 3. HP: 29/30 MP: 6/6
  1115 | D:1      | Found a faded altar of an unknown god.
  1118 | D:1      | Became a worshipper of Zin the Law-Giver
  1118 | D:1      | Reached * piety under Zin
  1126 | D:1      | Reached ** piety under Zin
  1332 | D:2      | Found Riasm's General Store.
  1698 | D:2      | Reached XP level 4. HP: 20/38 MP: 7/7
  3137 | D:3      | Noticed Terence
  3152 | D:3      | Fell from the grace of Zin
  3173 | D:3      | Killed Terence
  3343 | D:3      | Reached XP level 5. HP: 44/46 MP: 6/8
  3732 | D:3      | Found a radiant altar of Vehumet.
  3741 | D:3      | Became a worshipper of Vehumet
  3998 | D:4      | HP: 2/46 [poisoned by a scorpion]
  3999 | D:4      | Reached skill level 5 in Unarmed Combat
  4152 | D:3      | Reached XP level 6. HP: 11/53 MP: 7/9
  4685 | D:4      | Got the Reference Book on Confrontation and Companions
  5141 | D:5      | Entered Level 5 of the Dungeon
  5153 | D:5      | Reached skill level 5 in Fighting
  5396 | D:5      | Your scales start taking on a pale cyan-grey colour.
  5396 | D:5      | Reached XP level 7. HP: 25/61 MP: 8/11
  5396 | D:5      | Gained mutation: You are immune to the effects of steam.
                  | [Pale Draconian growth]
  5402 | D:5      | Learned a level 4 spell: Iskenderun's Mystic Blast
  5613 | D:5      | Reached skill level 1 in Conjurations
  5613 | D:5      | Reached skill level 1 in Translocations
  5852 | D:5      | Reached skill level 2 in Conjurations
  6051 | D:5      | Noticed Eustachio
  6090 | D:5      | Killed Eustachio
  6091 | D:5      | Reached skill level 3 in Conjurations
  6621 | D:5      | Reached XP level 8. HP: 56/68 MP: 10/12
  6812 | D:6      | Reached skill level 4 in Conjurations
  6871 | D:6      | Found a staircase to the Ecumenical Temple.
  6910 | D:6      | Reached * piety under Vehumet
  6910 | D:6      | Offered knowledge of Foxfire by Vehumet.
  6941 | D:6      | Learned a level 1 spell: Foxfire
  7211 | D:6      | Reached skill level 1 in Fire Magic
  7244 | D:6      | Found a white marble altar of Elyvilon.
  7245 | D:6      | Found an ornate altar of the Wu Jian Council.
  7280 | D:6      | Reached skill level 5 in Conjurations
  7879 | D:7      | Found a large runed translucent door.
  7880 | D:7      | Found a large runed translucent door.
  8157 | D:7      | Reached skill level 6 in Conjurations
  8432 | D:7      | Noticed Maggie
  8551 | D:7      | Reached XP level 9. HP: 70/74 MP: 13/13
  8555 | D:7      | Found an ancient bone altar of Kikubaaqudgha.
  8560 | D:7      | Found a glowing golden altar of the Shining One.
  8871 | D:7      | Killed Maggie
  8872 | D:7      | Reached skill level 5 in Fire Magic
  9225 | D:8      | Reached skill level 7 in Conjurations
 10001 | D:9      | Found a staircase to the Lair.
 10021 | D:9      | Noticed a troll
 10041 | D:8      | Killed a troll
 10042 | D:8      | Reached skill level 5 in Translocations
 10165 | D:9      | Found a basalt altar of Yredelemnul.
 10174 | D:9      | Noticed Erolcha
 10205 | D:9      | Killed from afar by Erolcha

Illustrated notes

Levels and vault maps discovered:
D:1:      pf_arrival_petrified_forest, layout_rooms,
          hellmonk_ecumenical_altar_inner_sanctum
D:2:      layout_basic, serial_shops, shop, minmay_misc_feat_chi,
          minmay_misc_feat_encased
D:3:      layout_basic, mainiacjoe_overflow_alcove_1, uniq_terence
D:4:      layout_gridville, palyth_stone_intersect, minmay_diced_spiral
D:5:      layout_loops_corners, amcnicky_mini_rare_corridor_liquid,
          uniq_eustachio
D:6:      layout_basic, jmf_multi_god_temple,
          minmay_temple_entry_drinking_statues, kennysheep_generic_room_15
D:7:      layout_cave_pods, jmf_multi_god_temple2, lemuel_old_faithful,
          uniq_maggie
D:8:      layout_basic
D:9:      minmay_slanted_spiral_squares, layout_rooms,
          mainiacjoe_overflow_cross_hatched, yredelemnul_altar_generic,
          grunt_temple_overflow_cloverleaf, uniq_erolcha

Skill      XL: |  1  2  3  4  5  6  7  8  9 |
---------------+----------------------------+-----
Fighting       | 2 3 4 5 |  5.2
Unarmed Combat | 4 5 |  5.2
Spellcasting   | 3 |  3.5
Transmutations | 3 |  3.1
Conjurations   | 3 6 7 |  7.7
Translocations | 3 4 5 |  5.1
Fire Magic     | 4 6 |  6.1
Dodging        | |  1.7

Action                   |  1- 3 |  4- 6 |  7- 9 || total
-------------------------+-------+-------+-------++-------
Melee: Unarmed           |   164 |   217 |   296 ||   677
       Tailslap          |    16 |    19 |    44 ||    79
       Punch             |     4 |     2 |     6 ||    12
       Headbutt          |       |    13 |    23 ||    36
       Kick              |       |    19 |    40 ||    59
 Cast: Beastly Appendage |       |    19 |    21 ||    40
       Foxfire           |       |       |    14 ||    14
Invok: Renounce Religion |       |     1 |       ||     1
 Abil: Breathe Steam     |       |       |     8 ||     8
  Use: Potion            |       |     1 |       ||     1
 Stab: Distracted        |     1 |       |       ||     1
       Sleeping          |       |     2 |       ||     2
Armor: Skin              |    46 |    53 |   138 ||   237
Dodge: Dodged            |   103 |   112 |   189 ||   404
